 Dungeon Crawl Stone Soup version 0.19-a0-1626-g5215c36 (webtiles) character file.

322 jbasstz the Shield-Bearer (level 6, -2/37 HPs)
             Began as a Gargoyle Fighter on Sept 18, 2016.
             Was an Initiate of Trog.
             Slain by an ogre
             ... wielding a +0 giant club
              (17 damage)
             ... on level 5 of the Dungeon.
             The game lasted 00:50:58 (4713 turns).

jbasstz the Shield-Bearer (Gargoyle Fighter)        Turns: 4713, Time: 00:50:59

Health: -2/37      AC: 15    Str: 22    XL:     6   Next: 47%
Magic:  0/6        EV:  7    Int:  8    God:    Trog [......]
Gold:   225        SH: 10    Dex: 13    Spells: 0 memorised, 5 levels left

rFire  . . .     SeeInvis .     a - +0 flail
rCold  . . .     Gourm    .     b - +0 scale mail
rNeg   + . .     Faith    .     c - +0 shield
rPois  ∞         Spirit   +     (no helmet)
rElec  +         Dismiss  .     (no cloak)
rCorr  .         Reflect  .     C - +0 pair of gloves
MR     .....     Harm     .     E - +1 pair of boots
Stlth  ..........               m - amulet of guardian spirit
                                (no ring)
                                w - +4 ring of dexterity

@: no status effects
A: negative energy resistance 1, electricity resistance, unbreathing,
petrification resistance, rot immunity, AC +4
a: Burn Spellbooks, Renounce Religion


You were on level 5 of the Dungeon.
You worshipped Trog.
Trog was noncommittal.
You were not hungry.

You visited 1 branch of the dungeon, and saw 5 of its levels.

You collected 225 gold pieces.

Inventory:

Hand Weapons
 a - a +0 flail (weapon)
 o - a +0 blowgun
Missiles
 t - 4 poisoned needles
 y - 19 bolts
Armour
 b - a +0 scale mail (worn)
 c - a +0 shield (worn)
 u - a +0 leather armour of poison resistance
 C - a +0 pair of gloves (worn)
 E - a +1 pair of boots (worn)
Jewellery
 m - an amulet of guardian spirit (around neck)
 w - a +4 ring of dexterity (left hand)
Wands
 A - a wand of polymorph (8/24)
Scrolls
 e - a scroll of identify
 h - 3 scrolls of remove curse
 j - 2 scrolls of fear
 l - a scroll of recharging
 p - a scroll of teleportation {unknown}
 v - a scroll of enchant armour {unknown}
 z - a scroll of amnesia {unknown}
Potions
 d - a potion of might
 k - a potion of cure mutation
 n - a potion of cancellation
 x - a potion of flight
Comestibles
 f - 2 bread rations
 g - a beef jerky
 r - 2 meat rations
 B - a royal jelly


   Skills:
 - Level 3.2 Fighting
 + Level 3.9 Maces & Flails
 + Level 5.1 Armour
 + Level 5.4 Shields


You had 5 spell levels left.
You didn't know any spells.

Dungeon Overview and Level Annotations

Branches:
Dungeon (5/15)
 Temple: D:4-7

Altars:
Hepliaklqana
Kikubaaqudgha
Makhleb
Trog
Xom
The Shining One

Annotations:
D:5 Bronet's ghost, novice HEHu


Innate Abilities, Weirdness & Mutations

You are resistant to torment.
Your stone body is resilient. (AC +4)
You are immune to poison.
You resist negative energy. (rN+)
You are resistant to electric shocks. (rElec)
You can survive without breathing.
You are immune to petrification.
You are immune to rotting.


Message History

Bronet's ghost says, "Life is a curse, you will soon understand."
Bronet's ghost hits you but does no damage.
There is a stone staircase leading up here.
Bronet's ghost hits you.
The ogre hits you with a giant spiked club!
You climb upwards.
You block the ogre's attack. x2
There is a stone staircase leading down here.
The ogre hits you with a giant club! The ogre barely misses you.
The ogre hits you with a giant club. You block the ogre's attack.
There is a stone staircase leading down here.
You block the ogre's attack.
You climb downwards.
Level annotation: Bronet's ghost, novice HEHu
There is a stone staircase leading up here.
a - a +0 flail (weapon)
You hit the ogre.
The ogre is lightly wounded.
The ogre hits you with a giant club!!
You die...

.## #.# ..## #.#
...## #.# .#..# ###
#.#
###÷#####..####.#####
###.......##........#
.........###........#
########.......O....#
#####....@...#
#........# ##########


You could see an ogre.

Vanquished Creatures
  A crimson imp (D:5)
  3 hounds
  An orc wizard (D:4)
  A worker ant (D:4)
  A gnoll (D:1)
  4 adders
  An ooze (D:3)
  An adder skeleton (D:4)
  2 worms
  2 dart slugs
  2 leopard geckos
  4 orcs
  4 giant cockroaches
  10 goblins
  9 hobgoblins
  2 jackals (D:1)
  5 quokkas
  8 bats
  3 frilled lizards
  7 kobolds
  10 rats
81 creatures vanquished.

Notes
Turn   | Place    | Note
-------+----------+-------------------------------------------
     0 | D:1      | jbasstz the Gargoyle Fighter began the quest for the Orb.
     0 | D:1      | Reached XP level 1. HP: 14/14 MP: 1/1
    51 | D:1      | Reached XP level 2. HP: 6/19 MP: 2/2
  1013 | D:1      | Reached XP level 3. HP: 23/23 MP: 3/3
  1201 | D:2      | Found a shimmering altar of Xom.
  1203 | D:2      | Found a shimmering altar of Xom.
  1204 | D:2      | Found a shimmering altar of Xom.
  1204 | D:2      | Found a shimmering altar of Xom.
  1205 | D:2      | Found a shimmering altar of Xom.
  1205 | D:2      | Found a shimmering altar of Xom.
  1206 | D:2      | Found a shimmering altar of Xom.
  1206 | D:2      | Found a shimmering altar of Xom.
  1501 | D:2      | Found a burning altar of Makhleb.
  1520 | D:2      | Reached XP level 4. HP: 19/28 MP: 4/4
  2240 | D:2      | Found an ancient bone altar of Kikubaaqudgha.
  2514 | D:2      | Found a hazy altar of Hepliaklqana.
  2515 | D:2      | Found a bloodstained altar of Trog.
  2923 | D:3      | Reached XP level 5. HP: 32/32 MP: 5/5
  3320 | D:2      | Found a glowing golden altar of the Shining One.
  3394 | D:2      | Became a worshipper of Trog the Wrathful
  3462 | D:4      | Noticed a phantom
  3463 | D:4      | Noticed an ogre
  3624 | D:4      | Noticed an ogre
  4047 | D:4      | Reached skill level 5 in Shields
  4047 | D:4      | Reached XP level 6. HP: 33/37 MP: 4/6
  4077 | D:5      | Entered Level 5 of the Dungeon
  4183 | D:5      | Reached skill level 5 in Armour
  4310 | D:5      | Noticed Bronet's ghost (novice HEHu)
  4713 | D:5      | Slain by an ogre

Vault maps used:
D:1:      dpeg_arrival_court, serial_forest, infiniplex_forest_corner_1,
          infiniplex_forest_end_3, infiniplex_forest_clump_double,
          infiniplex_forest_lined_3, infiniplex_forest_lined_room_2,
          infiniplex_forest_straight_2, infiniplex_forest_end_double,
          minmay_misc_feat_rows
D:2:      xom_redecorated, makhleb_heckhound_becter,
          nicolae_overflow_hidden_temple
D:3:      serial_corexii_hall, corexii_hall_statues_l, corexii_hall_statues_i,
          serial_bayou_crossing
D:4:      st_stairs_8
D:5:      first_bread, st_stairs_7

Skill      XL: |  1  2  3  4  5  6 |
---------------+-------------------+-----
Armour         | 4 5 |  5.1
Shields        | 4 5 |  5.4
Maces & Flails | 3 |  3.9
Fighting       | |  3.2

Action                   |  1- 3 |  4- 6 || total
-------------------------+-------+-------++-------
Melee: Flail             |    96 |   298 ||   394
 Fire: Blowgun           |       |     5 ||     5
Evoke: Wand              |       |     2 ||     2
  Use: Scroll            |       |     7 ||     7
  Eat: Chunk             |     1 |     7 ||     8
       Bread ration      |       |     1 ||     1
Armor: Scale mail        |    55 |   219 ||   274
Dodge: Dodged            |    29 |   120 ||   149
Block: Shield            |    63 |   229 ||   292
